AoeStats
← llDraebu

Arabia

506137074Analyzed
1v1 RM · 21d ago on Sep 12, 2026· 27m 32s· 2 players
Game mode
Random Map
Map size
Tiny (2 player)
Population
200
Speed
Normal
Resources
Standard
Victory
Conquest
Starting age
Dark Age
Ending age
Imperial Age
RankedLock teamsTeams togetherTeam positionsShared explorationLock speedFull tech treeHidden civsTurbo modeCheats
Victory
Defeat
🇹🇷 Wei · Türkiye
891
+34
🇺🇸 Khmer · United States
905
-48
llDraebu
6:46 Loom
11:24 Feudal Age
12:08 Double-Bit Axe
12:04 Horse Collar
13:35 Gold Mining
21:17 Castle Age
20:25 Scale Barding Armor
20:31 Forging
20:33 Bloodlines
22:54 Chain Barding Armor
23:09 Iron Casting
22:46 Bow Saw
24:53 Padded Archer Armor
26:46 Crossbowman
ekircsak
13:04 Feudal Age
11:50 Loom
13:40 Double-Bit Axe
20:28 Castle Age
22:27 Crossbowman
22:30 Pikeman
Connection lost

Rejoining the realm…

Still unreachable

The connection could not be restored.

Session expired

The server has moved on; the page needs a fresh start.